 Dungeon Crawl Stone Soup version 0.30-a0-165-g1891117ce2 (webtiles) character file.

Game seed: 14760453778540706332

1790 qw the Cleaver (level 9, -3/55 HPs)
             Began as a Gargoyle Fighter on Sept 28, 2022.
             Slain by an orc warrior
             ... wielding a +0 glaive
              (6 damage)
             ... on level 7 of the Dungeon.
             The game lasted 00:02:36 (7554 turns).

qw the Cleaver (Gargoyle Fighter)                   Turns: 7554, Time: 00:02:37

Health: -3/55      AC: 16    Str: 23    XL:     9   Next: 8%
Magic:  9/9        EV:  6    Int: 10    God:
Gold:   254        SH:  9    Dex:  9    Spells: 8/8 levels left

rFire   . . .      SeeInvis .    Y - +1 war axe
rCold   . . .      Faith    .    e - +0 kite shield
rNeg    + . .      Spirit   .    k - +0 chain mail
rPois   inf        Reflect  .    (no helmet)
rElec   +          Harm     .    b - +0 cloak
rCorr   .          Rampage  .    (no gloves)
Will    .....                    (no boots)
Stlth   ..........               (no amulet)
HPRegen 0.18/turn                (no ring)
MPRegen 0.11/turn                (no ring)

@: no status effects
A: sickness immunity, AC +6, negative energy resistance 1, electricity
resistance, torment resistance 1, petrification resistance
a: no special abilities


You were on level 7 of the Dungeon.
You visited 1 branch of the dungeon, and saw 7 of its levels.

You collected 338 gold pieces.
You spent 84 gold pieces at shops.


Innate Abilities, Weirdness & Mutations

You are immune to sickness and miasma.
Your stone body is resilient. (AC +6)
You are immune to poison.
You resist negative energy. (rN+)
You are resistant to electric shocks. (rElec)
You are resistant to unholy torment.
You are immune to petrification.


   Skills:
 - Level 6.1 Fighting
 - Level 8.0 Axes
 - Level 3.2 Armour
 - Level 1.0 Dodging
 + Level 7.1 Shields


You had 8 spell levels left.
You didn't know any spells.
Your spell library was empty.

Inventory:

Hand Weapons
 m - a +0 flail
 Y - a +1 war axe (weapon)
Armour
 b - a +0 cloak (worn)
 e - a +0 kite shield (worn)
 k - a +0 chain mail (worn)
Jewellery
 g - a +4 ring of protection
Scrolls
 i - 4 scrolls of identify
Potions
 a - a potion of haste
 d - 3 potions of might
 f - a potion of curing
 h - 3 potions of lignification
 j - a potion of resistance

Dungeon Overview and Level Annotations

Branches:
Dungeon (7/15)
 Temple: D:4-7

Altars:
Ashenzari
Cheibriados
Gozag
Makhleb
Nemelex Xobeh
Ru
Sif Muna
Trog
Vehumet
Wu Jian
Xom
Yredelemnul

Shops:
D:3 :!((   D:5 (   D:6 (

Annotations:
D:2 Natasha


Message History

You hit the orc warrior.
The orc warrior is lightly wounded.
The orc warrior hits you but does no damage.
You completely miss the orc warrior.
The orc warrior is lightly wounded.
You slash the orc!
You kill the orc!
The orc warrior hits you with a +0 glaive.
You block the orc warrior's attack. The orc hits you but does no damage.
You hit the orc warrior.
The orc warrior is moderately wounded.
You hit the orc. You block the orc warrior's attack.
You hit the orc warrior but do no damage.
The orc warrior is moderately wounded.
You hit the orc. x2
You kill the orc!
You slash the orc priest! The orc hits you but does no damage.
The orc priest invokes the aid of Beogh against you.
Beogh smites you!
The orc warrior hits you but does no damage.
You closely miss the orc.
The orc is severely wounded.
You barely miss the orc priest. You hit the orc warrior.
You block the orc's attack.
The orc priest calls upon Beogh to heal the orc warrior.
The orc warrior is healed somewhat.
The orc warrior hits you with a +0 glaive!
You completely miss the orc.
The orc is severely wounded.
You hit the orc priest. You hit the orc warrior.
The orc hits you but does no damage.
The orc priest calls down the wrath of Beogh upon you.
Beogh smites you! You block the orc warrior's attack.
You slash the orc priest!
You kill the orc priest!
You closely miss the orc warrior. You barely miss the orc.
The orc warrior hits you with a +0 glaive.
You die...

#.....# ##.....##.....##
#.....###..)..........<#
########................
########### #................
..........#######...<............
#...#####.....##.................
##.##...##............:..........
.#.#.8.8.#......))...............
.#.#.._..#......@o...............
.#.#...8.#.......o.............##
'#.#'...##.............########..
#...#####..............## #.#
..}..........(..........#######.#
#...#####........................
'#[#%...##....##.....#####.....##
.#.#...8.#...######### ####..#
.#.#.._..#...# ####


You could see an orc warrior and an orc.

Vanquished Creatures
  Menkaure (D:6)
  A sky beast (D:7)
  2 ice beasts (D:6)
  2 black bears
  A phantom (D:4)
  A bullfrog (D:7)
  A necrophage (D:7)
  6 scorpions
  A howler monkey (D:5)
  4 orc priests
  2 hounds
  4 iguanas
  5 orc wizards
  Natasha (twice) (D:2)
  9 adders
  A white imp (D:7)
  3 ufetubi
  3 dart slugs
  4 worms
  16 orcs
  4 bats (D:3)
  6 endoplasms
  10 giant cockroaches
  9 hobgoblins
  5 jackals
  2 quokkas
  3 ball pythons
  2 frilled lizards (D:1)
  6 goblins
  6 kobolds
  3 rats
125 creatures vanquished.

Notes
Turn   | Place    | Note
-------+----------+-------------------------------------------
     0 | D:1      | qw the Gargoyle Fighter began the quest for the Orb.
     0 | D:1      | Reached XP level 1. HP: 14/14 MP: 1/1
     0 | D:1      | 0 ||| qw: Version: 0.2-a-12-gaebbb33
     0 | D:1      | 0 ||| qw: Game counter: 820
     0 | D:1      | 0 ||| qw: Always use a shield: true
     0 | D:1      | 0 ||| qw: God list: Okawaru
     0 | D:1      | 0 ||| qw: Allow faded altars: false
     0 | D:1      | 0 ||| qw: Do Orc after D:15 true
     0 | D:1      | 0 ||| qw: Do second Lair branch before Depths: true
     0 | D:1      | 0 ||| qw: Lair rune preference: random
     0 | D:1      | 0 ||| qw: Plans: Normal, Zot:1-4, God:TSO, Crypt, Tomb,
                  | Pan, Slime:5, Hells, Abyss, Orb
     0 | D:1      | 0 ||| PLANNING D:1-11
    28 | D:1      | Reached skill level 2 in Axes
   296 | D:1      | Reached XP level 2. HP: 19/19 MP: 2/2
  1119 | D:1      | 1119 ||| READING scroll labelled LYDAN WEUP.
  1201 | D:2      | 1201 ||| Stepping ~*~*~tactically~*~*~ (stealth).
  1213 | D:2      | Reached skill level 3 in Axes
  1243 | D:2      | 1243 ||| DROPPING +0 club.
  1291 | D:2      | Reached XP level 3. HP: 23/23 MP: 3/3
  1383 | D:2      | 1383 ||| Stepping ~*~*~tactically~*~*~ (stealth).
  1439 | D:2      | 1439 ||| FLEEEEING.
  1680 | D:2      | Noticed Natasha
  1681 | D:2      | 1681 ||| Stepping ~*~*~tactically~*~*~ (stealth).
  1775 | D:2      | 1775 ||| Stepping ~*~*~tactically~*~*~ (stealth).
  1799 | D:2      | 1799 ||| Stepping ~*~*~tactically~*~*~ (stealth).
  1807 | D:2      | HP: 5/23 [Natasha (2)]
  1809 | D:2      | HP: 1/23 [Natasha/magic dart (5)]
  1810 | D:2      | Killed Natasha
  1811 | D:2      | Reached skill level 4 in Axes
  1811 | D:2      | Reached XP level 4. HP: 1/28 MP: 4/4
  1867 | D:2      | Noticed Natasha
  1868 | D:2      | 1868 ||| Stepping ~*~*~tactically~*~*~ (stealth).
  1872 | D:2      | 1872 ||| Stepping ~*~*~tactically~*~*~ (stealth).
  1876 | D:2      | 1876 ||| Stepping ~*~*~tactically~*~*~ (stealth).
  1882 | D:2      | 1882 ||| Stepping ~*~*~tactically~*~*~ (stealth).
  1888 | D:2      | 1888 ||| Stepping ~*~*~tactically~*~*~ (stealth).
  1892 | D:2      | 1892 ||| Stepping ~*~*~tactically~*~*~ (stealth).
  1901 | D:2      | 1901 ||| Stepping ~*~*~tactically~*~*~ (stealth).
  1903 | D:2      | 1903 ||| Stepping ~*~*~tactically~*~*~ (stealth).
  1904 | D:2      | 1904 ||| Stepping ~*~*~tactically~*~*~ (stealth).
  1906 | D:2      | 1906 ||| Stepping ~*~*~tactically~*~*~ (stealth).
  2126 | D:2      | Found a faded altar of an unknown god.
  2404 | D:2      | 2404 ||| UPGRADING to +0 chain mail.
  2414 | D:2      | 2414 ||| DROPPING +0 scale mail.
  2415 | D:2      | 2415 ||| READING scroll labelled YNTUSTR GAX RAU.
  2416 | D:2      | 2416 ||| READING 3 scrolls labelled MIFE JUCUI.
  2417 | D:2      | 2417 ||| READING scroll labelled OWUASS ADDELE.
  2423 | D:2      | Killed Natasha
  2479 | D:2      | 2479 ||| DRINKING 2 smoky silvery potions.
  2520 | D:2      | 2520 ||| READING 2 scrolls of identify.
  2520 | D:2      | 2520 ||| IDENTIFYING bubbling white potion
  2539 | D:2      | Noticed Natasha
  2540 | D:2      | 2540 ||| Stepping ~*~*~tactically~*~*~ (stealth).
  2541 | D:2      | 2541 ||| Stepping ~*~*~tactically~*~*~ (stealth).
  2607 | D:3      | Reached XP level 5. HP: 12/32 MP: 5/5
  2608 | D:3      | HP: 8/32 [orc priest/+0 mace (4)]
  2610 | D:3      | Reached skill level 5 in Axes
  2616 | D:3      | 2616 ||| Stepping ~*~*~tactically~*~*~ (hiding).
  2736 | D:3      | 2736 ||| Stepping ~*~*~tactically~*~*~ (stealth).
  2851 | D:3      | Found Ibbag's Distillery.
  2869 | D:3      | 2869 ||| SHOPLISTING 2 potions of mutation (224 gold, have
                  | 114).
  2869 | D:3      | 2869 ||| BUYING potion of curing (42 gold).
  2869 | D:3      | Bought a potion of curing for 42 gold pieces
  2869 | D:3      | 2869 ||| BUYING potion of curing (42 gold).
  2869 | D:3      | Bought a potion of curing for 42 gold pieces
  2869 | D:3      | 2869 ||| SHOPLISTING potion of heal wounds (70 gold, have
                  | 30).
  2869 | D:3      | 2869 ||| SHOPLISTING potion of lignification (42 gold, have
                  | 30).
  3176 | D:3      | Found Quosm's Vocational Training.
  3338 | D:3      | Found Myhiprof's Antique Weapon Shoppe.
  3371 | D:3      | Found Gojoklil's Weapon Shop.
  3406 | D:3      | 3406 ||| UPGRADING to +0 kite shield.
  3416 | D:3      | 3416 ||| DROPPING +0 buckler.
  3417 | D:3      | 3417 ||| DROPPING amulet of faith.
  3418 | D:3      | 3418 ||| READING scroll labelled IBRALYUMONE.
  3447 | D:4      | Found a broken altar of Ashenzari.
  3448 | D:4      | Found a radiant altar of Vehumet.
  3451 | D:4      | Found a bloodstained altar of Trog.
  3474 | D:4      | Reached XP level 6. HP: 38/38 MP: 6/6
  3478 | D:4      | 3478 ||| Stepping ~*~*~tactically~*~*~ (stealth).
  3479 | D:4      | 3479 ||| Stepping ~*~*~tactically~*~*~ (stealth).
  3648 | D:4      | 3648 ||| DROPPING +0 whip.
  3717 | D:4      | 3717 ||| Stepping ~*~*~tactically~*~*~ (stealth).
  3967 | D:4      | Found an opulent altar of Gozag.
  3983 | D:4      | 3983 ||| Stepping ~*~*~tactically~*~*~ (stealth).
  3984 | D:4      | 3984 ||| Stepping ~*~*~tactically~*~*~ (stealth).
  3985 | D:4      | 3985 ||| Stepping ~*~*~tactically~*~*~ (stealth).
  4005 | D:4      | Reached XP level 7. HP: 33/43 MP: 7/7
  4222 | D:4      | 4222 ||| Stepping ~*~*~tactically~*~*~ (stealth).
  4362 | D:4      | Found a sacrificial altar of Ru.
  4435 | D:4      | Found a sparkling altar of Nemelex Xobeh.
  4444 | D:4      | 4444 ||| READING scroll labelled MUSKUCK YPUOF.
  4445 | D:4      | 4445 ||| READING 6 scrolls of identify.
  4445 | D:4      | 4445 ||| IDENTIFYING golden potion
  4446 | D:4      | 4446 ||| READING 5 scrolls of identify.
  4446 | D:4      | 4446 ||| IDENTIFYING dark potion
  4447 | D:4      | 4447 ||| DROPPING potion of flight.
  4448 | D:4      | 4448 ||| DROPPING potion of invisibility.
  4472 | D:5      | Entered Level 5 of the Dungeon
  4482 | D:5      | 4482 ||| STAIRDANCE
  4598 | D:5      | Found Mabeunki's Weapon Shoppe.
  4749 | D:5      | 4749 ||| Stepping ~*~*~tactically~*~*~ (stealth).
  4754 | D:5      | 4754 ||| Stepping ~*~*~tactically~*~*~ (stealth).
  4755 | D:5      | 4755 ||| Stepping ~*~*~tactically~*~*~ (stealth).
  4759 | D:5      | Reached skill level 6 in Axes
  4778 | D:5      | 4778 ||| Stepping ~*~*~tactically~*~*~ (stealth).
  4960 | D:5      | Found a snail-covered altar of Cheibriados.
  5039 | D:5      | Reached skill level 6 in Shields
  5051 | D:5      | Reached skill level 1 in Dodging
  5052 | D:5      | 5052 ||| Stepping ~*~*~tactically~*~*~ (stealth).
  5060 | D:5      | 5060 ||| Stepping ~*~*~tactically~*~*~ (stealth).
  5065 | D:5      | 5065 ||| Stepping ~*~*~tactically~*~*~ (stealth).
  5076 | D:5      | 5076 ||| DROPPING +3 mace.
  5251 | D:5      | Reached XP level 8. HP: 44/48 MP: 8/8
  5427 | D:5      | 5427 ||| READING scroll labelled GOSUABB CINIR.
  5485 | D:5      | 5485 ||| READING scroll labelled CAPNUW SURRAU.
  5486 | D:5      | 5486 ||| READING scroll labelled ZIPPEX CULAU.
  5487 | D:5      | 5487 ||| DRINKING 2 puce potions.
  5492 | D:5      | 5492 ||| STAIRDANCE
  5496 | D:5      | 5496 ||| STAIRDANCE
  5500 | D:5      | 5500 ||| STAIRDANCE
  5504 | D:5      | 5504 ||| STAIRDANCE
  5508 | D:5      | 5508 ||| STAIRDANCE
  5512 | D:5      | 5512 ||| STAIRDANCE
  5516 | D:5      | 5516 ||| STAIRDANCE
  5520 | D:5      | 5520 ||| STAIRDANCE
  5524 | D:5      | 5524 ||| STAIRDANCE
  5528 | D:5      | 5528 ||| STAIRDANCE
  5532 | D:5      | 5532 ||| STAIRDANCE
  5536 | D:5      | 5536 ||| STAIRDANCE
  5540 | D:5      | 5540 ||| STAIRDANCE
  5544 | D:5      | 5544 ||| STAIRDANCE
  5548 | D:5      | 5548 ||| STAIRDANCE
  5552 | D:5      | 5552 ||| STAIRDANCE
  5556 | D:5      | 5556 ||| STAIRDANCE
  5560 | D:5      | 5560 ||| STAIRDANCE
  5564 | D:5      | 5564 ||| STAIRDANCE
  5801 | D:6      | Reached skill level 7 in Axes
  6000 | D:6      | 6000 ||| DRINKING 4 potions of curing.
  6000 | D:6      | 6000 ||| (to cure confusion)
  6017 | D:6      | 6017 ||| DRINKING 3 potions of curing.
  6017 | D:6      | 6017 ||| (to cure confusion)
  6021 | D:6      | Found Vocw's Weapon Boutique.
  6036 | D:6      | 6036 ||| SHOPLISTING +7 morningstar "Dobuesm" {freeze,
                  | Int+3} (610 gold, have 238).
  6069 | D:6      | Found a burning altar of Makhleb.
  6069 | D:6      | Noticed Menkaure
  6078 | D:6      | 6078 ||| FLEEEEING.
  6079 | D:6      | 6079 ||| FLEEEEING.
  6080 | D:6      | 6080 ||| FLEEEEING.
  6081 | D:6      | 6081 ||| FLEEEEING.
  6082 | D:6      | 6082 ||| FLEEEEING.
  6083 | D:6      | 6083 ||| FLEEEEING.
  6084 | D:6      | 6084 ||| FLEEEEING.
  6085 | D:6      | 6085 ||| FLEEEEING.
  6086 | D:6      | 6086 ||| FLEEEEING.
  6087 | D:6      | 6087 ||| FLEEEEING.
  6302 | D:6      | Killed Menkaure
  6575 | D:6      | 6575 ||| UPGRADING to +0 cloak.
  6580 | D:6      | 6580 ||| READING 2 scrolls labelled SARCHU MYKH.
  6581 | D:6      | 6581 ||| READING scroll labelled VULUZXEENA.
  6682 | D:6      | 6682 ||| READING scroll labelled HINTUCEEFUW.
  6683 | D:6      | 6683 ||| READING 4 scrolls of identify.
  6683 | D:6      | 6683 ||| IDENTIFYING coppery potion
  6684 | D:6      | 6684 ||| DROPPING scroll of immolation.
  6750 | D:7      | 6750 ||| STAIRDANCE
  6838 | D:7      | 6838 ||| STAIRDANCE
  6974 | D:7      | 6974 ||| Stepping ~*~*~tactically~*~*~ (hiding).
  6986 | D:7      | HP: 10/49 [orc priest/divine providence (12)]
  6987 | D:7      | 6987 ||| READING 2 scrolls of teleportation.
  6988 | D:7      | 6988 ||| DRINKING 2 potions of heal wounds.
  7021 | D:7      | 7021 ||| FLEEEEING.
  7022 | D:7      | 7022 ||| FLEEEEING.
  7023 | D:7      | 7023 ||| FLEEEEING.
  7024 | D:7      | 7024 ||| FLEEEEING.
  7025 | D:7      | 7025 ||| FLEEEEING.
  7026 | D:7      | 7026 ||| FLEEEEING.
  7031 | D:7      | 7031 ||| STAIRDANCE
  7180 | D:6      | 7180 ||| READING scroll labelled NUEC KAPSUAXEUNU.
  7183 | D:7      | 7183 ||| STAIRDANCE
  7227 | D:7      | 7227 ||| DRINKING 3 potions of curing.
  7227 | D:7      | 7227 ||| (to cure confusion)
  7230 | D:7      | 7230 ||| DRINKING 2 potions of curing.
  7230 | D:7      | 7230 ||| (to cure confusion)
  7268 | D:7      | Found a shimmering blue altar of Sif Muna.
  7271 | D:7      | Found a basalt altar of Yredelemnul.
  7296 | D:7      | Found a shimmering altar of Xom.
  7299 | D:7      | Found an ornate altar of the Wu Jian Council.
  7399 | D:7      | 7399 ||| Stepping ~*~*~tactically~*~*~ (hiding).
  7401 | D:7      | 7401 ||| FLEEEEING.
  7414 | D:7      | Reached skill level 8 in Axes
  7418 | D:7      | Reached XP level 9. HP: 19/55 MP: 9/9
  7420 | D:7      | HP: 11/55 [ice beast (5)]
  7421 | D:7      | Reached skill level 6 in Fighting
  7421 | D:7      | 7421 ||| READING scroll of teleportation.
  7422 | D:7      | 7422 ||| DRINKING potion of heal wounds.
  7553 | D:7      | HP: 3/55 [orc priest/divine providence (12)]
  7554 | D:7      | Slain by an orc warrior

Levels and vault maps discovered:
D:1:      denvon_arrival_waterhouse, layout_loops_corners,
          wander_ebering_terrifying_dragon_lair
D:2:      minmay_chambers_of_ones, layout_rooms,
          shapermc_ecumenical_altar_mp_vishouse, chequers_serial_rivers_micro_c,
          minivault_26, uniq_natasha
D:3:      layout_basic, serial_shops,
          nicolae_shop_temple_entry_statues_fountains, nicolae_shop_waterfront,
          nicolae_shop_trees, chequers_serial_rivers_small_3,
          ebering_dispersal_statue_hall, nicolae_shop_vocational
D:4:      minmay_door_path, layout_basic, grunt_gozag_statues,
          nicolae_overflow_hidden_temple, grunt_decor_fettered
D:5:      layout_basic, general_overflow_altar, serial_shops,
          nicolae_shop_behind_doors, hex_medium
D:6:      layout_basic, mainiacjoe_overflow_brackets, serial_shops, shop,
          uniq_menkaure
D:7:      layout_rooms, grunt_temple_overflow_cloverleaf, lemuel_doored_altar,
          minmay_temple_entry_slanted

Skill      XL: |  1  2  3  4  5  6  7  8  9 |
---------------+----------------------------+-----
Axes           | 2 3 4 5 6 8 |  8.0
Fighting       | 4 5 6 |  6.1
Shields        | 5 6 7 |  7.1
Dodging        | 1 |  1.0
Armour         | |  3.2

Action                   |  1- 3 |  4- 6 |  7- 9 || total
-------------------------+-------+-------+-------++-------
Melee: War axe           |    78 |   202 |   214 ||   494
  Use: Scroll            |     1 |     5 |    13 ||    19
       Potion            |       |     1 |     7 ||     8
Armor: Scale mail        |    32 |     9 |       ||    41
       Chain mail        |       |   117 |   170 ||   287
Dodge: Dodged            |    23 |    51 |    74 ||   148
Block: Buckler           |    11 |    23 |       ||    34
       Kite shield       |       |    40 |   101 ||   141

Table legend:
 A = Non-vault XP
 B = Vault XP
 C = Vault XP percentage of total XP
 D = Non-vault monster count
 E = Vault monster count
 F = Vault count percentage of total count
                 A         B        C        D         E       F
            +---------+---------+-------+---------+---------+-------
      Total |    2364 |     237 |   9.1 |     113 |      12 |   9.6
            +---------+---------+-------+---------+---------+-------
        D:1 |      27 |       1 |   3.6 |      15 |       1 |   6.2
        D:2 |      75 |      45 |  37.5 |      15 |       6 |  28.6
        D:3 |     164 |       0 |   0.0 |      25 |       0 |   0.0
        D:4 |     312 |      19 |   5.7 |      16 |       4 |  20.0
        D:5 |     660 |       0 |   0.0 |      18 |       0 |   0.0
        D:6 |     446 |     172 |  27.8 |       8 |       1 |  11.1
        D:7 |     680 |       0 |   0.0 |      16 |       0 |   0.0
            +---------+---------+-------+---------+---------+-------
